 Dungeon Crawl Stone Soup version 0.27.0-1-g7a089689b8 (webtiles) character file.

Game seed: 8372916698611367208

518 Descartes the Covert (level 7, -3/27 HPs)
             Began as a Felid Venom Mage on Aug 16, 2021.
             Was a Believer of Elyvilon.
             Killed from afar by a steam dragon (15 damage)
             ... with a ball of steam
             ... on level 6 of the Dungeon.
             The game lasted 00:35:26 (9965 turns).

Descartes the Covert (Felid Venom Mage)             Turns: 9965, Time: 00:35:28

Health: -3/27      AC:  2    Str:  5    XL:     7   Next: 1%
Magic:  9/12       EV: 18    Int: 17    God:    Elyvilon [**....]
Gold:   225        SH:  0    Dex: 17    Spells: 3/12 levels left
                                        Lives:  0   Deaths: 2

rFire    . . .     SeeInvis +   (weapon unavailable)
rCold    . . .     Faith    .   (shield unavailable)
rNeg     . . .     Spirit   .   (armour unavailable)
rPois    +         Reflect  .   (helmet unavailable)
rElec    .         Harm     .   (cloak unavailable)
rCorr    +         Rampage  .   (gloves unavailable)
Will     +....                  (boots unavailable)
Stlth    +++++.....             (no amulet)
HPRegen  0.09/turn              l - ring of poison resistance
MPRegen  0.13/turn              q - ring of resist corrosion

@: quick
A: very small, claws 1, fangs 3, see invisible, speed 1, shaggy fur 2, stealthy
paws, no weapons or thrown items, no armour, multi-lived
a: Renounce Religion, Lesser Healing, Heal Other, Divine Protection


You were on level 6 of the Dungeon.
You worshipped Elyvilon.
Elyvilon was pleased with you.
You visited 2 branches of the dungeon, and saw 7 of its levels.

You collected 225 gold pieces.

Inventory:

Missiles
 d - 35 stones
Jewellery
 l - a ring of poison resistance (left paw)
 q - a ring of resist corrosion (right paw)
 w - a ring of positive energy
Wands
 t - a wand of polymorph (9)
Scrolls
 a - a scroll of enchant weapon {unknown}
 b - 2 scrolls of amnesia {unknown}
 c - a scroll of acquirement {unknown}
 e - 2 scrolls of teleportation {unknown}
 f - 2 scrolls of magic mapping {unknown}
 g - a scroll of fear {unknown}
 h - a scroll of enchant armour {unknown}
 m - 5 scrolls of identify {unknown}
 n - a scroll of immolation
 o - a scroll of blinking {unknown}
 u - a scroll of fog {unknown}
 v - a scroll of noise {unknown}
 x - a scroll of brand weapon {unknown}
Potions
 i - 2 potions of might {unknown}
 j - 2 potions of lignification {unknown}
 k - 2 potions of curing {unknown}
 p - 2 potions of ambrosia {unknown}
 r - 2 potions of heal wounds {unknown}
 s - 2 potions of degeneration {unknown}


   Skills:
 + Level 3.5 Dodging
 + Level 10.2 Stealth
 + Level 3.1 Spellcasting
 - Level 2.0 Conjurations
 - Level 2.0 Transmutations
 - Level 3.0 Earth Magic
 + Level 6.8 Poison Magic


You had 3 spell levels left.
You knew the following spells:

 Your Spells              Type           Power      Damage    Failure   Level
a - Sting                 Tmut/Pois      68%        1d6       2%          1
b - Sandblast             Erth           24%        2d8       4%          1
c - Olgreb's Toxic Radia  Pois           25%        N/A       11%         4
d - Magic Dart            Conj           36%        1d4       8%          1
e - Passwall              Tmut/Erth      9%         N/A       10%         2

Your spell library contained the following spells:

 Spells                   Type           Power      Damage    Failure   Level
 Poisonous Vapours        Pois/Air       28%        N/A       6%          2
 Mephitic Cloud           Conj/Pois/Air  12%        N/A       16%         3
 Call Imp                 Summ           2%         N/A       26%         2
 Ozocubu's Armour         Ice            2%         N/A       45%         3
 Lee's Rapid Deconstruct  Erth           6%         3d7*      80%         5
 Metabolic Englaciation   Hex/Ice        1%         N/A       99%         5
 Simulacrum               Ice/Necr       1%         N/A       100%        6


Dungeon Overview and Level Annotations

Branches:
Dungeon (6/15)             Temple (1/1) D:4

Altars:
Ashenzari
Cheibriados
Dithmenos
Elyvilon
Fedhas
Gozag
Hepliaklqana
Kikubaaqudgha
Makhleb
Nemelex Xobeh
Okawaru
Qazlal
Ru
Sif Muna
Trog
Uskayaw
Vehumet
Wu Jian
Xom
Yredelemnul
Zin
The Shining One

Annotations:
D:6 exclusion: water moccasin


Innate Abilities, Weirdness & Mutations

You have sharp claws.
You have razor-sharp teeth.
You have supernaturally acute eyesight. (SInv)
You cover ground quickly. (Speed+)
You are covered in thick fur. (AC +2)
Your paws help you pounce on unaware monsters.
You are incapable of wielding weapons or throwing items.
You cannot wear armour.
You gain extra lives every three experience levels.


Message History

Casting: Magic Dart (safe; 8% risk of failure)
Confirm with . or Enter, or press ? or * to list all spells.
The spell is extremely dangerous to cast (11% risk of failure)!
Continue anyway?
You begin to radiate toxic energy.
Unknown command.
Your toxic aura wanes.
A steam dragon comes into view.
Found a book of Spatial Translocations.
You pounce on the unaware helpless steam dragon!
You mangle the steam dragon!!
The steam dragon is severely wounded.
The steam dragon bites you. The steam dragon claws you.
Casting: Olgreb's Toxic Radiance (extremely dangerous; 11% risk of failure)
Confirm with . or Enter, or press ? or * to list all spells.
Aiming: Sting (safe; 2% risk of failure)
Press: ? - help, Shift-Dir - straight line, f - steam dragon
Aim: a steam dragon (severely wounded, 74% to hit)
The sting hits the steam dragon but does no damage.
The steam dragon is poisoned.
The steam dragon is severely wounded.
The steam dragon completely misses you. The steam dragon misses you.
Casting: Sting (safe; 2% risk of failure)
Confirm with . or Enter, or press ? or * to list all spells.
Aiming: Sting (safe; 2% risk of failure)
Press: ? - help, Shift-Dir - straight line, f/p - steam dragon
Aim: a steam dragon (severely wounded, poisoned, 74% to hit)
The sting misses the steam dragon.
The steam dragon breathes steam at you. The ball of steam hits you!
You hear an angry hiss.
Casting: Sting (safe; 2% risk of failure)
Confirm with . or Enter, or press ? or * to list all spells.
Aiming: Sting (safe; 2% risk of failure)
Press: ? - help, Shift-Dir - straight line, f/p - steam dragon
Aim: a steam dragon (severely wounded, poisoned, 74% to hit)
The sting misses the steam dragon.
The steam dragon breathes steam at you. The ball of steam hits you!
Ouch! That really hurt!
You die...

#.# ###.# .[..##
.S. ## .....# ...
: ####.# ... .# #
#.# #.# #.#.#
####.# #.####....#
.....# #.#§§D§# ##
###### #.#@##...#
. #.#.# #.##
##.#.# .#
##.#..###.#..
#.###........ ####
######
##.#..###### #...
#....# ##.#.# #.##
#.##.# ###.# #
##.## ##.##.#
#.#######..###...#


You could see a steam dragon (poisoned, catching breath).

Vanquished Creatures
  The ghost of luarocks the Poker, an amateur MiBe of Trog (D:3)
  Edmund (D:4)
  A sky beast (D:4)
  A necrophage (D:3)
  An ogre (D:6)
  A phantom (D:4)
  A scorpion (D:6)
  2 water moccasin zombies (D:5)
  2 water moccasin skeletons
  A killer bee (D:4)
  2 centaur zombies (D:5)
  A bullfrog zombie (D:5)
  3 hounds
  2 jellies
  2 centaur skeletons
  2 orc priests (D:5)
  2 iguanas
  6 orc wizards
  A scorpion zombie (D:5)
  2 killer bee zombies (D:5)
  A hound zombie (D:5)
  2 hound skeletons
  A howler monkey zombie (D:5)
  A howler monkey skeleton (D:5)
  5 adders
  A shadow imp (D:4)
  2 adder skeletons
  2 worms
  3 dart slugs
  11 orcs
  7 bats
  7 endoplasms
  6 giant cockroaches
  6 goblins
  8 hobgoblins
  4 jackals (D:2)
  8 kobolds
  2 quokkas (D:1)
  14 ball pythons
  2 frilled lizards
  3 rats
131 creatures vanquished.

Vanquished Creatures (others)
  2 withered plants (D:5)
2 creatures vanquished.

Grand Total: 133 creatures vanquished

Notes
Turn   | Place    | Note
-------+----------+-------------------------------------------
     0 | D:1      | Descartes the Felid Venom Mage began the quest for the Orb.
     0 | D:1      | Reached XP level 1. HP: 7/7 MP: 4/4
    87 | D:1      | Reached skill level 3 in Stealth
   206 | D:1      | Reached XP level 2. HP: 11/11 MP: 0/6
   652 | D:1      | Learned a level 1 spell: Sandblast
   767 | D:1      | Reached XP level 3. HP: 14/14 MP: 0/7
   913 | D:1      | Reached skill level 4 in Stealth
  1138 | D:2      | Found a broken altar of Ashenzari.
  2158 | D:2      | Found a faded altar of an unknown god.
  2269 | D:2      | Reached skill level 1 in Earth Magic
  2269 | D:2      | Reached XP level 4. HP: 14/18 MP: 1/8
  2847 | D:3      | Reached skill level 5 in Stealth
  2852 | D:3      | Learned a level 4 spell: Olgreb's Toxic Radiance
  2998 | D:3      | Reached XP level 5. HP: 12/21 MP: 2/9
  3457 | D:3      | Found a runed translucent door.
  3461 | D:3      | Noticed luarocks's ghost (amateur MiBe)
  3861 | D:3      | Found an ornate altar of the Wu Jian Council.
  4231 | D:3      | Found a faded altar of an unknown god.
  4231 | D:3      | Found a shimmering blue altar of Sif Muna.
  4239 | D:3      | Found a hazy altar of Hepliaklqana.
  4241 | D:3      | Found a faded altar of an unknown god.
  4243 | D:3      | Found a snail-covered altar of Cheibriados.
  4609 | D:3      | Killed luarocks's ghost
  4610 | D:3      | Reached skill level 6 in Stealth
  4610 | D:3      | Gained mutation: You are covered in thick fur. (AC +2)
                  | [Felid growth]
  4610 | D:3      | Reached XP level 6. HP: 8/24 MP: 0/10
  5158 | D:4      | Found a staircase to the Ecumenical Temple.
  5170 | Temple   | Entered the Ecumenical Temple
  5370 | Temple   | Became a worshipper of Elyvilon the Healer
  5652 | D:4      | Reached skill level 7 in Stealth
  5656 | D:4      | Reached XP level 7. HP: 23/27 MP: 6/11
  6605 | D:5      | Entered Level 5 of the Dungeon
  6635 | D:5      | Reached skill level 5 in Poison Magic
  6680 | D:5      | Reached * piety under Elyvilon
  6783 | D:5      | Noticed Edmund
  6836 | D:4      | Killed Edmund
  6837 | D:4      | Reached skill level 8 in Stealth
  7223 | D:4      | Reached XP level 8. HP: 31/31 MP: 7/13
  7386 | D:4      | Learned a level 1 spell: Magic Dart
  7426 | D:4      | Reached skill level 9 in Stealth
  8270 | D:5      | Reached skill level 1 in Conjurations
  9100 | D:5      | Reached skill level 10 in Stealth
  9279 | D:6      | Slain by a wyvern zombie
  9280 | D:6      | Reached XP level 7. HP: -5/27 MP: 7/12
  9464 | D:6      | Learned a level 2 spell: Passwall
  9548 | D:6      | Reached ** piety under Elyvilon
  9692 | D:6      | Reached XP level 8. HP: 31/31 MP: 3/13
  9828 | D:6      | Elyvilon protects you from harm!
  9874 | D:6      | Slain by a wyvern zombie
  9875 | D:6      | Reached XP level 7. HP: -2/27 MP: 11/12
  9957 | D:6      | Noticed a steam dragon
  9965 | D:6      | Killed from afar by a steam dragon

Illustrated notes

Levels and vault maps discovered:
D:1:      minmay_arrival_doors, layout_rooms, st_stairs_3,
          kennysheep_decorative_pillar
D:2:      layout_loops_cross, dreamdust_ecumenical_altar_hidden_monk_grotto,
          basic_altar
D:3:      layout_loops_corners, pdpol_wu_jian_five_deadly_venoms,
          chequers_temple_overflow_minitemple, ebering_ghost_inner_flame,
          minivault_26
D:4:      minmay_angry_zag, layout_loops_ring, minmay_temple_entry_grid,
          kennysheep_cross_bottleneck
D:5:      layout_cave_pools, serial_undead, serial_undead_d, serial_undead_a,
          serial_undead_d, serial_undead_f, uniq_edmund
D:6:      layout_loops_ring, due_unseen_surprise
Temple:   eino_narrow_crystal_temple

Skill      XL: |  1  2  3  4  5  6  7  8 |
---------------+-------------------------+-----
Stealth        | 3 4 5 6 7 8 10 | 10.2
Poison Magic   | 3 4 5 6 |  6.8
Earth Magic    | 1 2 3 |  3.0
Transmutations | 2 |  2.0
Spellcasting   | 3 |  3.1
Conjurations   | 2 1 |  2.0
Dodging        | 3 |  3.5

Action                   |  1- 3 |  4- 6 |  7- 9 || total
-------------------------+-------+-------+-------++-------
Melee: Unarmed           |     3 |     8 |    35 ||    46
       Bite              |     1 |       |     3 ||     4
 Cast: Sting             |    85 |    80 |    79 ||   244
       Sandblast         |     1 |    61 |    56 ||   118
       Olgreb's Toxic Ra |       |       |     9 ||     9
       Passwall          |       |       |     2 ||     2
       Magic Dart        |       |       |    50 ||    50
 Stab: Sleeping          |       |       |     2 ||     2
Armor: Skin              |     4 |     6 |    18 ||    28
Dodge: Dodged            |    54 |    44 |   164 ||   262
